 Dungeon Crawl Stone Soup version 0.21.1-1-g345015fe64 (webtiles) character file.

51 Ethylacetat the Skirmisher (level 3, -6/29 HPs)
             Began as a Demonspawn Fighter on July 6, 2018.
             Was an Initiate of Trog.
             Mangled by Robin
             ... wielding a +0 trident
              (7 damage)
             ... on level 3 of the Dungeon.
             The game lasted 00:09:58 (1672 turns).

Ethylacetat the Skirmisher (Demonspawn Fighter)     Turns: 1672, Time: 00:09:59

Health: -6/29      AC: 12    Str: 17    XL:     3   Next: 58%
Magic:  3/3        EV:  9    Int:  9    God:    Trog [......]
Gold:   112        SH:  0    Dex: 12    Spells: 2/2 levels left

rFire    . . .     SeeInvis .   g - +2 dagger (venom)
rCold    . . .     Gourm    .   (no shield)
rNeg     . . .     Faith    .   b - +0 scale mail
rPois    .         Spirit   .   (no helmet)
rElec    .         Reflect  .   (no cloak)
rCorr    .         Harm     .   (no gloves)
MR       .....                  (no boots)
Stlth    ..........             (no amulet)
HPRegen  0.09/turn              (no ring)
MPRegen  0.08/turn              (no ring)

@: sanguine armour
A: claws 1, sanguine armour 1
a: Burn Spellbooks, Renounce Religion


You were on level 3 of the Dungeon.
You worshipped Trog.
Trog was noncommittal.
You were not hungry.

You visited 1 branch of the dungeon, and saw 3 of its levels.

You collected 112 gold pieces.

Inventory:

Hand Weapons
 a - a +0 war axe
 g - a +2 dagger of venom (weapon)
 l - a +0 blowgun
Missiles
 m - 10 poisoned needles
Armour
 b - a +0 scale mail (worn)
Scrolls
 e - 3 scrolls of identify {unknown}
 h - a scroll of blinking {unknown}
 j - a scroll of amnesia {unknown}
Potions
 c - a potion of agility {unknown}
 d - 2 potions of might
 i - a potion of haste {unknown}
 k - 2 potions of brilliance {unknown}
 n - a potion of curing {unknown}
Books
 o - a book of Conjurations

   Spells                             Type                      Level
   a - Magic Dart                     Conjuration                  1
   b - Searing Ray                    Conjuration                  2
   c - Dazzling Spray                 Conjuration/Hexes            3
   d - Fulminant Prism                Conjuration/Hexes            4
   e - Force Lance                    Conjuration/Translocation    4
   f - Iskenderun's Mystic Blast      Conjuration                  4
   Trog disapproves of the use of such an item.
Comestibles
 f - 3 rations


   Skills:
 + Level 3.4 Fighting
 - Level 1.0 Short Blades
 * Level 3.0 Axes
 - Level 2.6 Armour
   Level 2.6 Shields


You had 2 spell levels left.
You didn't know any spells.

Dungeon Overview and Level Annotations

Branches:
Dungeon (3/15)

Altars:
Dithmenos
Qazlal
Trog

Annotations:
D:3 Robin


Innate Abilities, Weirdness & Mutations

You have sharp fingernails.
When seriously injured, your bleeding wounds create armour. (AC +6)


Message History

The goblins go into a battle-frenzy!
The goblin barely misses you. x2
Okay, then.
You barely miss the hobgoblin.
The hobgoblin hits you but does no damage.
Robin hits you from afar with a trident.
The goblin hits you with a club.
* * * LOW HITPOINT WARNING * * *
The goblin hits you but does no damage.
You barely miss the hobgoblin. The hobgoblin closely misses you.
Robin hits you but does no damage. The goblin closely misses you. x2
Your scale mail prevents you from hitting the hobgoblin.
The hobgoblin hits you with a club.
* * * LOW HITPOINT WARNING * * *
Robin hits you but does no damage. The goblin hits you but does no damage.
The goblin barely misses you.
You closely miss the hobgoblin. The hobgoblin hits you with a club.
* * * LOW HITPOINT WARNING * * *
Robin hits you from afar with a trident!
You die...

.# #.#.## #......# .#
#.#..###..##..###. .#
#.#............... .#
#.##..##..#....g.. .#
#..........g..#.gg .#
#####..#..(...g.... .#
##.#.(##g#....# ##
#######.#gg##g#....# .#
#........ggg@gg.....
.######........####....#
.##............... ..#
.##.##............. .
.##.##.............
.'.....#####....###
.#####.# ##..## .'.....#
#..# .#####.#


You could see Robin, 4 hobgoblins and 4 goblins.

Vanquished Creatures
  2 adders (D:2)
  2 dart slugs
  A leopard gecko (D:1)
  A giant cockroach (D:1)
  4 hobgoblins
  4 bats
  6 goblins
  4 kobolds
  5 rats
29 creatures vanquished.

Notes
Turn   | Place    | Note
-------+----------+-------------------------------------------
     0 | D:1      | Ethylacetat the Demonspawn Fighter began the quest for the Orb.
     0 | D:1      | Reached XP level 1. HP: 18/18 MP: 1/1
   431 | D:1      | Gained mutation: You have sharp fingernails. [demonic ancestry]
   431 | D:1      | Reached XP level 2. HP: 24/24 MP: 2/2
   776 | D:2      | Gained mutation: When seriously injured, your bleeding wounds create armour. (AC +6) [demonic ancestry]
   776 | D:2      | Reached XP level 3. HP: 13/29 MP: 3/3
  1115 | D:2      | Found a shadowy altar of Dithmenos.
  1250 | D:2      | Reached skill level 1 in Short Blades
  1286 | D:2      | Found a stormy altar of Qazlal.
  1288 | D:2      | Found a bloodstained altar of Trog.
  1301 | D:2      | Became a worshipper of Trog the Wrathful
  1552 | D:3      | HP: 1/29 [poisoned by a kobold]
  1660 | D:3      | Noticed Robin
  1672 | D:3      | HP: 1/29 [hobgoblin/club[Robin] (5)]
  1672 | D:3      | Mangled by Robin

Skill      XL: |  1  2  3 |
---------------+----------+-----
Axes           | 2 3 |  3.0
Short Blades   | 1 |  1.0
Fighting       | |  3.4
Armour         | |  2.6
Shields        | |  2.6

Action                   || total
-------------------------++-------
Melee: War axe           ||    13
       Dagger            ||    61
  Eat: Chunk             ||     2
Armor: Scale mail        ||    37
Dodge: Dodged            ||    52
